 Dungeon Crawl Stone Soup version 0.29.1-1-gd02db6906a (webtiles) character file.

Game seed: 16196100445107454443

182 warriortoast the Conjurer (level 5, -5/29 HPs)
             Began as a Deep Elf Conjurer on Sept 22, 2022.
             Slain by gelatine's ghost (16 damage)
             ... on level 3 of the Dungeon.
             The game lasted 00:07:35 (3104 turns).

warriortoast the Conjurer (Deep Elf Conjurer)       Turns: 3104, Time: 00:07:35

Health: -5/29      AC:  2    Str:  4    XL:     5   Next: 34%
Magic:  14/14      EV: 12    Int: 25    God:
Gold:   201        SH:  0    Dex: 13    Spells: 4/14 levels left

rFire   . . .      SeeInvis .   (no weapon)
rCold   . . .      Faith    .   (no shield)
rNeg    . . .      Spirit   .   a - +0 robe
rPois   .          Reflect  .   (no helmet)
rElec   .          Harm     .   (no cloak)
rCorr   .          Rampage  .   (no gloves)
Will    .....                   (no boots)
Stlth   ++........              (no amulet)
HPRegen 0.09/turn               (no ring)
MPRegen 0.14/turn               (no ring)

@: no status effects
A: no striking features
a: no special abilities


You were on level 3 of the Dungeon.
You visited 1 branch of the dungeon, and saw 3 of its levels.

You collected 231 gold pieces.
You spent 30 gold pieces at shops.

Inventory:

Hand Weapons
 j - a +0 short sword of venom
 o - the +3 hammer "Sarcophage" {distort, rElec rCorr Int+4}
   (You found it on level 2 of the Dungeon)

   It warps and distorts space around it, and may blink, banish, or inflict
   extra damage upon those it strikes.
   Unwielding it can cause banishment or high damage.
   Int:       It affects your intelligence (+4).
   rElec:     It insulates you from electricity.
   rCorr:     It protects you from acid and corrosion.
Armour
 a - a +0 robe (worn)
 i - a +0 buckler
Magical Staves
 g - a staff of earth
Jewellery
 f - an amulet of magic regeneration
 r - a ring of ice
Scrolls
 c - 2 scrolls of amnesia
 d - a scroll of blinking {unknown}
 e - a scroll of fear {unknown}
 h - a scroll of vulnerability {unknown}
 m - 2 scrolls of fog {unknown}
 n - 2 scrolls of identify
 p - a scroll of immolation {unknown}
Potions
 b - a potion of magic
 k - 3 potions of curing
 l - a potion of haste {unknown}
 q - a potion of invisibility {unknown}


   Skills:
 + Level 1.2 Fighting
 - Level 2.4 Dodging
 - Level 2.4 Stealth
 + Level 5.1 Spellcasting
 + Level 5.6 Conjurations
 + Level 1.9 Evocations


You had 4 spell levels left.
You knew the following spells:

 Your Spells              Type           Power      Damage    Failure   Level
a - Magic Dart            Conj           100%       1d8       1%          1
b - Searing Ray           Conj           68%        2d6       1%          2
c - Dazzling Flash        Conj/Hex       40%        N/A       8%          3
d - Fulminant Prism       Conj/Hex       10%        3d9       26%         4

Your spell library contained the following spells:

 Spells                   Type           Power      Damage    Failure   Level
 Sublimation of Blood     Necr           6%         N/A       12%         2
 Wereblood                Tmut           6%         N/A       12%         2
 Iskenderun's Mystic Bla  Conj/Tloc      20%        2d6       26%         4
 Summon Hydra             Summ           3%         N/A       100%        7


Dungeon Overview and Level Annotations

Branches:
Dungeon (3/15)

Altars:

Shops:
D:1 =   D:3 *

Annotations:
D:2 1 runed translucent door, Crazy Yiuf, Terence
D:3 gelatine's ghost, amateur MiFi


Message History

As you open the door, it creaks loudly!
Partly explored, unvisited transporter.
Partly explored, unvisited transporter.
You see here 3 stones.
There is a transporter here.
You enter the transporter and appear at another place.
You can't go down here!
The bat closely misses you. The hound attacks as you move away!
The hound bites you but does no damage. Gelatine's ghost barely misses you.
The hound misses you. The bat attacks as you move away!
The bat hits you but does no damage. The hound attacks as you move away!
The hound barely misses you. The bat hits you.
The bat attacks as you move away! The bat hits you but does no damage.
The hound attacks as you move away! The hound barely misses you.
The bat hits you. The bat closely misses you. The bat attacks as you move away!
The bat barely misses you. x2
Gelatine's ghost closely misses you. The bat hits you.
There is a transporter here.
You enter the transporter and appear at another place.
The bat barely misses you. x2; The bat misses you.
Gelatine's ghost closely misses you. The bat hits you.
The bat hits you but does no damage. The bat completely misses you.
Gelatine's ghost attacks as you move away!
Gelatine's ghost hits you! The bat barely misses you. The bat hits you.
As you read the scroll labelled RAGAFEARUI, it crumbles to dust.
It is a scroll of amnesia.
Really abort (and waste the scroll)?
Okay, then.
The bat hits you but does no damage. The bat completely misses you.
Gelatine's ghost screams, "You must not succeed where I failed!"
Gelatine's ghost barely misses you. The bat hits you but does no damage.
As you read the scroll labelled ELLIQUALUX, it crumbles to dust.
It is a scroll of identify.
k - 3 potions of curing The bat closely misses you.
The bat misses you. The bat hits you. Gelatine's ghost hits you!
Ouch! That really hurt!
You die...

########## #........# #........#
#........# #(.......# ######
####).......# #....#
#...........#
#....#####.##.b..)...#
#..........b@........#
#.........©W.........#
#####.....#########......#
....'....##8.$[..8##.....#
.####....#....!.g..#.....# #####
.# #....#..#..h#..#.....# #....
.####....#.#.....#.#.....####....
.........#....©....#.........>...
.#.......#.#.....#h#..##.##......


You could see a hound, gelatine's ghost, a goblin and 2 bats.

Vanquished Creatures
  An orc priest (D:3)
  Natasha (twice) (D:2)
  4 adders (D:3)
  2 worms (D:2)
  5 orcs (D:3)
  2 ball pythons
  2 endoplasms (D:3)
  2 giant cockroaches (D:2)
  2 goblins
  6 hobgoblins
  6 jackals
  5 quokkas
  5 bats
  5 frilled lizards
  6 kobolds
  3 rats
58 creatures vanquished.

Notes
Turn   | Place    | Note
-------+----------+-------------------------------------------
     0 | D:1      | warriortoast the Deep Elf Conjurer began the quest for the
                  | Orb.
     0 | D:1      | Reached XP level 1. HP: 10/10 MP: 6/6
   434 | D:1      | Found a faded altar of an unknown god.
   516 | D:1      | Reached XP level 2. HP: 15/15 MP: 3/8
   871 | D:1      | Found Ivujy's Jewellery Shop.
  1233 | D:2      | Noticed Natasha
  1240 | D:2      | Killed Natasha
  1241 | D:2      | Reached skill level 5 in Conjurations
  1241 | D:2      | Reached XP level 3. HP: 12/19 MP: 2/10
  1386 | D:2      | Learned a level 2 spell: Searing Ray
  1390 | D:2      | Learned a level 3 spell: Dazzling Flash
  1887 | D:2      | Noticed Natasha
  1893 | D:2      | Killed Natasha
  1894 | D:2      | Reached skill level 1 in Evocations
  1894 | D:2      | Reached XP level 4. HP: 16/24 MP: 5/12
  2083 | D:2      | Found a runed translucent door.
  2084 | D:2      | Noticed Crazy Yiuf
  2085 | D:2      | Identified the +3 hammer "Sarcophage" {distort, rElec rCorr
                  | Int+4}
  2094 | D:2      | Learned a level 4 spell: Fulminant Prism
  2148 | D:2      | Noticed Terence
  2291 | D:3      | Found Genedef's Assorted Antiques.
  2296 | D:3      | Bought a scroll labelled MIAK KUIHET for 30 gold pieces
  2429 | D:3      | Reached skill level 1 in Fighting
  2490 | D:3      | Reached XP level 5. HP: 28/29 MP: 8/14
  2543 | D:3      | Reached skill level 5 in Spellcasting
  2725 | D:3      | Found a transporter.
  2725 | D:3      | Noticed gelatine's ghost (amateur MiFi)
  2791 | D:3      | Found a transporter.
  3104 | D:3      | Slain by gelatine's ghost

Illustrated notes

Levels and vault maps discovered:
D:1:      dpeg_arrival_stone_temple_mockup, layout_loops_ring, serial_shops,
          nicolae_shop_hallway_plus, ebering_ecumenical_altar_webs
D:2:      layout_loops_ring, nicolae_eternal_life, uniq_terence, uniq_natasha,
          uniq_crazy_yiuf_cottage
D:3:      layout_basic, gammafunk_ghost_arena, serial_shops, shop

Skill      XL: |  1  2  3  4  5 |
---------------+----------------+-----
Spellcasting   | 4 5 |  5.1
Conjurations   | 5 |  5.6
Evocations     | 1 |  1.9
Fighting       | 1 |  1.2
Dodging        | |  2.4
Stealth        | |  2.4

Action                   |  1- 3 |  4- 6 || total
-------------------------+-------+-------++-------
 Cast: Magic Dart        |    72 |    67 ||   139
       Searing Ray       |     2 |       ||     2
  Use: Scroll            |       |     2 ||     2
Armor: Robe              |     2 |     8 ||    10
Dodge: Dodged            |     7 |    28 ||    35
